 Dungeon Crawl Stone Soup version 0.17-a0-288-gaf424a4 (webtiles) character file.

294 Fluffy the Covered (level 6, -4/39 HPs)
             Began as a Gargoyle Fighter on Mar 30, 2015.
             Was an Initiate of Okawaru.
             Killed from afar by an orc wizard (6 damage)
             ... with a puff of frost
             ... on level 3 of the Dungeon.
             The game lasted 00:06:07 (2423 turns).

Fluffy the Covered (Gargoyle Fighter)               Turns: 2423, Time: 00:06:07

Health: -4/39      AC: 18    Str: 25    XL:     6   Next: 34%
Magic:  6/6        EV:  7    Int:  8    God:    Okawaru [......]
Gold:   113        SH: 10    Dex: 11    Spells: 0 memorised, 5 levels left

rFire  . . .     SeeInvis .     a - +0 flail
rCold  . . .     Clarity  .     h - +0 plate armour (curse)
rNeg   + . .     SustAb   .     c - +0 shield
rPois  ∞         Gourm    .     (no helmet)
rElec  +         Spirit   .     s - +1 cloak
rCorr  .         Warding  .     (no gloves)
rMut   .         Stasis   .     (no boots)
MR     .....                    m - amulet of rage
Stlth  ..........               (no ring)
                                o - +2 ring of evasion

@: mighty, not resistant to hostile enchantments, extremely unstealthy
A: negative energy resistance 1, electricity resistance, unbreathing,
petrification resistance, rot immunity, AC +4
a: Renounce Religion, Evoke Berserk Rage


You were on level 3 of the Dungeon.
You worshipped Okawaru.
Okawaru was noncommittal.
You were not hungry.

You visited 1 branch of the dungeon, and saw 4 of its levels.

You collected 113 gold pieces.

Inventory:

Hand weapons
 a - a +0 flail (weapon)
Armour
 c - a +0 shield (worn)
 h - a cursed +0 plate armour (worn)
 s - a +1 cloak (worn)
Jewellery
 m - an amulet of rage (around neck)
 o - a +2 ring of evasion (left hand)
Magical devices
 q - a wand of digging (15)
 r - a wand of draining (5)
Scrolls
 f - 3 scrolls of remove curse {unknown}
 g - 2 scrolls of fog {unknown}
 i - 4 scrolls of teleportation {unknown}
 k - a scroll of blinking {unknown}
 p - 2 scrolls of identify {unknown}
Potions
 b - 2 potions of brilliance {unknown}
 e - a potion of might
 j - a potion of ambrosia {unknown}
 l - 2 potions of curing {unknown}
Comestibles
 d - 5 bread rations
 n - 2 meat rations
 t - a chunk of flesh


   Skills:
 + Level 4.3 Fighting
 + Level 3.4 Maces & Flails
 + Level 4.8 Armour
 + Level 4.7 Shields
 + Level 1.3 Invocations


You had 5 spell levels left.
You didn't know any spells.

Dungeon Overview and Level Annotations

Branches:
Dungeon (4/15)
 Temple: D:4-7

Altars:
Okawaru
Trog


Innate Abilities, Weirdness & Mutations

You are resistant to torment.
You are immune to poison.
Your stone body is very resilient (AC +4).
You resist negative energy.
You are resistant to electric shocks.
You can survive without breathing.
You are immune to petrification.
You are immune to rotting.


Message History

The orc wizard gestures at you while chanting.
The puff of flame hits you!
* * * LOW HITPOINT WARNING * * *
You completely miss the orc wizard.
The orc wizard is moderately wounded.
The orc wizard hits you but does no damage.
You block the orc wizard's attack.
You closely miss the orc wizard.
The orc wizard is moderately wounded.
The orc wizard hits you but does no damage.
The orc wizard gestures at you while chanting.
The magic dart hits you!
* * * LOW HITPOINT WARNING * * *
Drink which item? (? for menu, Esc to quit)
You feel very mighty all of a sudden.
The orc wizard gestures at you while chanting.
You block the puff of frost.
The orc wizard points at you and mumbles some strange words.
The puff of frost hits you!
You die...

..##..........#
..##..........#
..##..........#
..####+#....#.##
#.........#.#..#
#.###.##..#.##.###
....#.....#....oo#
..............>#o#
#.#.#..(#.######@#
....#...#.# #.#
.#####..#.######.#
........#.#......#
..#)#.#.#.#.######
....#.#.#.#.#
#...#.#.#.#.#
#...#...#..)#####
#...#####.#.....#


You could see 2 orc wizards and an orc.

Vanquished Creatures
  Crazy Yiuf (D:3)
  Jessica (D:3)
  Terence (D:2)
  2 orc wizards (D:3)
  4 adders
  4 gnolls (D:2)
  5 worms (D:3)
  4 orcs (D:3)
  3 ball pythons
  9 bats
  2 giant cockroaches (D:1)
  4 goblins
  8 hobgoblins
  6 jackals (D:1)
  2 kobolds
  4 giant newts
  5 rats
65 creatures vanquished.

Vanquished Creatures (others)
  A wizard (D:3)
1 creature vanquished.

Grand Total: 66 creatures vanquished

Notes
Turn   | Place    | Note
--------------------------------------------------------------
     0 | D:1      | Fluffy, the Gargoyle Fighter, began the quest for the Orb.
     0 | D:1      | Reached XP level 1. HP: 14/14 MP: 0/0
   101 | D:1      | Reached XP level 2. HP: 9/19 MP: 1/1
   606 | D:1      | Reached XP level 3. HP: 23/23 MP: 2/2
   951 | D:2      | Noticed Terence
   960 | D:2      | Killed Terence
  1068 | D:2      | Reached XP level 4. HP: 29/29 MP: 3/3
  1102 | D:2      | Reached skill level 4 in Shields
  1370 | D:3      | Reached XP level 5. HP: 33/33 MP: 4/4
  1456 | D:3      | Found an iron altar of Okawaru.
  1466 | D:3      | Became a worshipper of Warmaster Okawaru
  1494 | D:3      | Found a bloodstained altar of Trog.
  1494 | D:3      | Noticed a wizard
  1501 | D:3      | Killed a wizard
  1783 | D:3      | Noticed Jessica
  1788 | D:3      | Killed Jessica
  2268 | D:3      | Noticed Crazy Yiuf
  2272 | D:3      | Paralysed by Crazy Yiuf for 3 turns
  2281 | D:3      | Killed Crazy Yiuf
  2281 | D:3      | Reached skill level 1 in Invocations
  2281 | D:3      | Reached XP level 6. HP: 35/39 MP: 5/5
  2423 | D:3      | Killed from afar by an orc wizard

Action                   |  1- 3 |  4- 6 || total
-------------------------+-------+-------++-------
Melee: Flail             |    95 |   183 ||   278
  Use: Potion            |       |     1 ||     1
  Eat: Chunk             |     1 |     4 ||     5
